 Dungeon Crawl Stone Soup version 0.26-a0-639-g72c4674329 (webtiles) character file.

Game seed: 2331035341520230849

385 PentaManta the Chopper (level 7, -2/52 HPs)
             Began as a Formicid Abyssal Knight on Sept 20, 2020.
             Was a Believer of Lugonu.
             Slain by an ogre
             ... wielding a +0 giant club
              (25 damage)
             ... on level 5 of the Dungeon.
             The game lasted 00:07:21 (3680 turns).

PentaManta the Chopper (Formicid Abyssal Knight)    Turns: 3680, Time: 00:07:22

Health: -2/52      AC:  8    Str: 19    XL:     7   Next: 6%
Magic:  8/8        EV:  7    Int: 11    God:    Lugonu [**....]
Gold:   329        SH:  4    Dex: 10    Spells: 6/6 levels left

rFire    . . .     SeeInvis +   a - +1 hand axe
rCold    . . .     Faith    .   i - +0 buckler (curse)
rNeg     . . .     Spirit   .   m - +0 chain mail
rPois    .         Reflect  .   (helmet unavailable)
rElec    .         Harm     .   (no cloak)
rCorr    .         Rampage  .   (no gloves)
MR       .....                  (no boots)
Stlth    ..........             o - amulet of regeneration
HPRegen  0.57/turn              (no ring)
MPRegen  0.11/turn              (no ring)

@: no status effects
A: permanent stasis, dig shafts and tunnels, four strong arms, antennae 3
a: Dig, Shaft Self, Depart the Abyss, Bend Space, Renounce Religion


You were on level 5 of the Dungeon.
You worshipped Lugonu.
Lugonu was pleased with you.
You visited 1 branch of the dungeon, and saw 5 of its levels.
You visited the Abyss 1 time.

You collected 348 gold pieces.
You spent 19 gold pieces at shops.

Inventory:

Hand Weapons
 a - a +1 hand axe (weapon)
 w - a +2 dagger of speed
 x - a +0 war axe
Armour
 i - a cursed +0 buckler (worn)
 m - a +0 chain mail (worn)
Jewellery
 o - an amulet of regeneration (around neck)
Scrolls
 d - a scroll of fear {unknown}
 e - a scroll of magic mapping {unknown}
 g - 5 scrolls of identify {unknown}
 h - 3 scrolls of noise {unknown}
 j - 2 scrolls of enchant armour {unknown}
 p - a scroll of enchant weapon {unknown}
 r - 3 scrolls of remove curse {unknown}
 s - a scroll of fog {unknown}
 t - a scroll of random uselessness {unknown}
 u - 3 scrolls of teleportation {unknown}
 y - a scroll of amnesia {unknown}
Potions
 b - 2 potions of degeneration {unknown}
 c - a potion of mutation {unknown}
 f - 2 potions of flight
 k - a potion of lignification {unknown}
 l - a potion of heal wounds {unknown}
 n - a potion of curing {unknown}
 q - 2 potions of cancellation {unknown}
 v - a potion of might {unknown}


   Skills:
 - Level 3.2 Fighting
 + Level 6.7 Axes
 - Level 2.1 Armour
 - Level 0.8 Dodging
 * Level 2.0 Shields
 - Level 2.1 Invocations


You had 6 spell levels left.
You didn't know any spells.
Your spell library contained the following spells:

 Spells                   Type           Power        Failure   Level
 Corona                   Hex            #......      99%         1
 Ensorcelled Hibernation  Hex/Ice        #.....       100%        2
 Confusing Touch          Hex            #.......     100%        3
 Dazzling Flash           Conj/Hex       #.....       100%        3
 Tukima's Dance           Hex            #.......     100%        3


Dungeon Overview and Level Annotations

Branches:
Dungeon (5/15)
 Temple: D:4-7

Altars:
Dithmenos
Elyvilon
Gozag
Qazlal
Trog
Wu Jian
Zin
The Shining One

Shops:
D:4 [


Innate Abilities, Weirdness & Mutations

You cannot be hasted, slowed, berserked, paralysed or teleported.
You can dig through walls and to a lower floor.
Your four strong arms can wield two-handed weapons with a shield.
You have a pair of large antennae on your head. (SInv)


Message History

You barely miss the ogre.
The ogre is moderately wounded.
The ogre barely misses you.
You closely miss the ogre.
The ogre is moderately wounded.
You hit the ogre.
The ogre is moderately wounded.
The ogre hits you with a +0 giant club.
You hit the ogre.
The ogre is heavily wounded.
The ogre hits you with a +0 giant club!
You hit the ogre.
The ogre is heavily wounded.
The ogre hits you with a +0 giant club!
You hit the ogre.
The ogre is severely wounded.
You hit the ogre.
The ogre is almost dead.
The ogre hits you with a +0 giant club!!
You die...

#. ....)...# ....##.#
#...##.# #...##.# .####
#...##.# ...# #...##.###
##.#### #........#
#...... ########..##.#.#
#..##.#
#(....O@..##.#.###......
.###.###.###.......###.#
#.# ###.#######.# ..#
#.........# ####
###########


You could see an ogre.

Vanquished Creatures
  A sky beast (D:3)
  A bullfrog skeleton (D:4)
  2 orc wizards
  2 centaur skeletons (D:4)
  6 adders
  4 worms (D:4)
  2 dart slugs
  A leopard gecko (D:3)
  8 orcs
  A ball python (D:4)
  2 giant cockroaches
  7 goblins
  9 hobgoblins
  8 jackals
  2 quokkas
  8 bats
  8 frilled lizards
  A jackal skeleton (D:4)
  10 kobolds
  4 rats
87 creatures vanquished.

Notes
Turn   | Place    | Note
-------+----------+-------------------------------------------
     0 | Abyss:1  | PentaManta the Formicid Abyssal Knight began the quest for
                  | the Orb.
     0 | Abyss:1  | Reached XP level 1. HP: 18/18 MP: 2/2
    54 | Abyss:1  | Found a sparkling altar of Nemelex Xobeh.
   122 | Abyss:1  | Noticed a hell knight
   132 | Abyss:1  | Noticed a glowing orange brain
   136 | D:1      | Escaped the Abyss
   378 | D:1      | Reached XP level 2. HP: 24/24 MP: 3/3
   437 | D:1      | Reached * piety under Lugonu
   525 | D:1      | Reached skill level 3 in Axes
   769 | D:1      | Reached XP level 3. HP: 24/29 MP: 4/4
  1056 | D:2      | Found an opulent altar of Gozag.
  1056 | D:2      | Found a white marble altar of Elyvilon.
  1056 | D:2      | Found a glowing silver altar of Zin.
  1056 | D:2      | Found an ornate altar of the Wu Jian Council.
  1057 | D:2      | Found a shadowy altar of Dithmenos.
  1125 | D:2      | Reached skill level 4 in Axes
  1125 | D:2      | Reached XP level 4. HP: 19/35 MP: 5/5
  1176 | D:2      | Found a faded altar of an unknown god.
  1303 | D:2      | Reached ** piety under Lugonu
  1361 | D:2      | Found a glowing golden altar of the Shining One.
  1980 | D:3      | Reached XP level 5. HP: 41/41 MP: 6/6
  2114 | D:3      | Noticed a sky beast
  2134 | D:3      | Killed a sky beast
  2134 | D:3      | Reached skill level 5 in Axes
  2134 | D:3      | Reached XP level 6. HP: 42/47 MP: 7/7
  2254 | D:3      | Reached skill level 6 in Axes
  2770 | D:4      | Found a stormy altar of Qazlal.
  2884 | D:4      | Found Sugibu's Armour Shop.
  2902 | D:4      | Bought a cursed +0 buckler for 19 gold pieces
  2957 | D:4      | Reached skill level 1 in Shields
  3181 | D:4      | Noticed a moth of wrath
  3184 | D:4      | Found a bloodstained altar of Trog.
  3211 | D:4      | Reached XP level 7. HP: 42/52 MP: 8/8
  3475 | D:5      | Entered Level 5 of the Dungeon
  3680 | D:5      | Slain by an ogre

Illustrated notes

Levels and vault maps discovered:
D:1:      erik_arrival_blinker_ship, layout_basic
D:2:      layout_rooms, grunt_temple_overflow_open,
          chequers_ecumenical_altar_island, tso_metal_star
D:3:      layout_basic, serial_rivers, chequers_serial_rivers_small_3,
          chequers_serial_rivers_large_b, chequers_serial_rivers_micro_a,
          chequers_serial_rivers_micro_d, kennysheep_generic_room_2
D:4:      layout_loops_ring, kennysheep_mini_moat, serial_shops, shop_coins,
          tgw_trog
D:5:      layout_loops_ring

Skill      XL: |  1  2  3  4  5  6  7 |
---------------+----------------------+-----
Axes           | 3 4 5 6 |  6.7
Shields        | 1 2 |  2.0
Fighting       | |  3.2
Armour         | |  2.1
Dodging        | |  0.8
Invocations    | |  2.1

Action                   |  1- 3 |  4- 6 |  7- 9 || total
-------------------------+-------+-------+-------++-------
Melee: Hand axe          |    79 |   197 |    39 ||   315
Invok: Depart the Abyss  |     1 |       |       ||     1
 Abil: Dig               |     1 |       |       ||     1
  Use: Potion            |       |     1 |       ||     1
Armor: Leather armour    |     9 |       |       ||     9
       Chain mail        |    35 |   112 |     5 ||   152
Dodge: Dodged            |    52 |    80 |     7 ||   139
Block: Buckler           |       |     2 |     2 ||     4

Table legend: (Time is in decaauts)
 A = Elapsed time spent in this place.
 B = Non-inter-level travel time spent in this place.
 C = Inter-level travel time spent in this place.
 D = Time resting spent in this place.
 E = Time spent auto-exploring this place.
 F = Levels seen in this place.
 G = Mean time per level.
                   A        B        C        D        E       F      G
               +--------+--------+--------+--------+--------+-----+--------+
         Total |   3726 |   3630 |     96 |     29 |   2813 |   6 |  621.0 |
       Dungeon |   3590 |   3494 |     96 |     29 |   2756 |   5 |  718.0 |
         Abyss |    136 |    136 |      0 |      0 |     57 |   1 |  136.0 |
               +--------+--------+--------+--------+--------+-----+--------+

Top non-repeatable levels by time:
     D:3: 1130 daAuts
     D:1: 929 daAuts
     D:4: 757 daAuts
     D:2: 568 daAuts
     D:5: 204 daAuts
 Abyss:1: 136 daAuts
